 Dungeon Crawl Stone Soup version 0.18-b1-10-g3f7de93 (webtiles) character file.

48 LORDOFBUTT the Ducker (level 3, -2/28 HPs)
             Began as a Demonspawn Gladiator on Apr 30, 2016.
             Slain by Crazy Yiuf
             ... wielding a +2 quarterstaff of chaos
              (15 damage)
             ... on level 2 of the Dungeon.
             The game lasted 00:00:54 (941 turns).

LORDOFBUTT the Ducker (Demonspawn Gladiator)         Turns: 941, Time: 00:00:54

Health: -2/28      AC:  5    Str: 15    XL:     3   Next: 50%
Magic:  3/3        EV: 13    Int:  9    God:
Gold:   139        SH:  0    Dex: 14    Spells: 0 memorised, 2 levels left

rFire  . . .     SeeInvis .     a - +0 war axe
rCold  . . .     Gourm    .     b - +0 leather armour
rNeg   . . .     Faith    .     (no shield)
rPois  .         Spirit   .     c - +0 helmet
rElec  .         Dismiss  .     (no cloak)
rCorr  .         Reflect  .     (no gloves)
SustAt .         Harm     .     (no boots)
MR     .....                    (no amulet)
Stlth  +.........               (no ring)
                                (no ring)

@: not resistant to hostile enchantments, very unstealthy
A: rugged brown scales 1
a: no special abilities


You were on level 2 of the Dungeon.
You were not hungry.

You visited 1 branch of the dungeon, and saw 2 of its levels.

You collected 139 gold pieces.

Inventory:

Hand Weapons
 a - a +0 war axe (weapon)
Missiles
 d - 3 throwing nets (quivered)
Armour
 b - a +0 leather armour (worn)
 c - a +0 helmet (worn)
Scrolls
 e - 2 scrolls of immolation {unknown}
 h - a scroll of teleportation {unknown}
 j - 3 scrolls of fear {unknown}
 m - a scroll of recharging {unknown}
Potions
 g - 3 potions of agility {unknown}
 i - a potion of brilliance {unknown}
 o - a potion of curing {unknown}
 p - a potion of heal wounds {unknown}
Comestibles
 f - 2 bread rations
 k - a slice of pizza
 l - 2 meat rations
 n - 3 beef jerkies


   Skills:
 + Level 2.6 Fighting
 + Level 2.9 Axes
 + Level 1.9 Throwing
 + Level 0.6 Armour
 + Level 3.2 Dodging
 + Level 0.2 Stealth


You had 2 spell levels left.
You didn't know any spells.

Dungeon Overview and Level Annotations

Branches:
Dungeon (2/15)

Altars:
Dithmenos
Yredelemnul

Annotations:
D:2 Crazy Yiuf, Terence


Innate Abilities, Weirdness & Mutations

You are partially covered in rugged brown scales (AC +1, +3% HP).


Message History

The giant gecko is moderately wounded.
The giant gecko barely misses you.
You slash the giant gecko!
You kill the giant gecko!
No target in view!
No target in view!
You open the door.
There is an open door here.
Found a mace.
Crazy Yiuf the Enlightened comes into view.
He is wielding a quarterstaff of chaos.
Crazy Yiuf shouts!
Crazy Yiuf says, "Candle!
Aardvark bush verde."
You barely miss Crazy Yiuf. Crazy Yiuf closely misses you.
You closely miss Crazy Yiuf. Crazy Yiuf closely misses you.
You slash Crazy Yiuf!
Crazy Yiuf is heavily wounded.
Crazy Yiuf hits you with a quarterstaff of chaos!
You are electrocuted!
Ouch! That really hurt!
You die...

..###########.#####.####.###....#
#.# #.#####.####...#....# ..#
#.##........##.#....# #########
##############......# #.......#
##.....# #.....>.####### #.......
#.......+...#.### ### #.......
#............#..##...# #.......
..........#.####@g...# ##.#####
####....'..## ###..)# #.# ##
#....#### ### #.# ####....# #.#
_+......# #.## +###.#.##
#.##..### .# #.#.# #.......#
.###...## ...###.#.# ........#
#.#.##


You could see Crazy Yiuf.

Vanquished Creatures
  An ooze (D:1)
  A worm (D:2)
  2 dart slugs
  2 giant geckos
  6 bats
  A giant cockroach (D:1)
  4 goblins
  A hobgoblin (D:2)
  4 jackals
  3 kobolds
  A quokka (D:2)
  3 giant newts
  4 rats
33 creatures vanquished.

Vanquished Creatures (others)
  A quokka (D:2)
  A rat (D:2)
2 creatures vanquished.

Grand Total: 35 creatures vanquished

Notes
Turn   | Place    | Note
--------------------------------------------------------------
     0 | D:1      | LORDOFBUTT the Demonspawn Gladiator began the quest for the Orb.
     0 | D:1      | Reached XP level 1. HP: 16/16 MP: 1/1
   348 | D:1      | Gained mutation: You are partially covered in rugged brown scales (AC +1, +3% HP). [demonic ancestry]
   348 | D:1      | Reached XP level 2. HP: 16/22 MP: 2/2
   427 | D:1      | Reached skill level 3 in Dodging
   672 | D:2      | Reached XP level 3. HP: 28/28 MP: 3/3
   811 | D:2      | Found a shadowy altar of Dithmenos.
   879 | D:2      | Noticed Terence
   899 | D:2      | Found a basalt altar of Yredelemnul.
   936 | D:2      | Noticed Crazy Yiuf
   941 | D:2      | Slain by Crazy Yiuf

Skill      XL: |  1  2 |
---------------+-------+-----
Dodging        | 3 |  3.2
Fighting       | |  2.6
Axes           | |  2.9
Throwing       | |  1.9
Armour         | |  0.6
Stealth        | |  0.2

Action                   || total
-------------------------++-------
Melee: War axe           ||   106
Armor: Leather armour    ||    57
Dodge: Dodged            ||   111
